 Dungeon Crawl Stone Soup version 0.27-a0-1324-ge0d8e047f6 (webtiles) character file.

Game seed: 14796111027002013091

57 Sabo the Covered (level 4, 29/29 HPs)
             Began as a Gargoyle Fighter on June 23, 2021.
             Was an Initiate of Kikubaaqudgha.
             Got out of the dungeon alive.
             The game lasted 00:07:01 (1452 turns).

Sabo the Covered (Gargoyle Fighter)                 Turns: 1452, Time: 00:07:02

Health: 29/29      AC: 13    Str: 21    XL:     4   Next: 0%
Magic:  4/4        EV:  5    Int:  8    God:    Kikubaaqudgha [......]
Gold:   45         SH:  9    Dex:  9    Spells: 3/3 levels left

rFire    . . .     SeeInvis .   a - +0 flail
rCold    . . .     Faith    .   c - +0 kite shield
rNeg     + . .     Spirit   .   g - +0 chain mail
rPois    ∞         Reflect  .   (no helmet)
rElec    +         Harm     .   (no cloak)
rCorr    .         Rampage  .   (no gloves)
Will     .....                  (no boots)
Stlth    ..........             (no amulet)
HPRegen  0.09/turn              (no ring)
MPRegen  0.09/turn              (no ring)

@: no status effects
A: sickness immunity, AC +3, negative energy resistance 1, electricity
resistance, torment resistance 1, petrification resistance
a: Renounce Religion


You escaped.
You worshipped Kikubaaqudgha.
Kikubaaqudgha was noncommittal.
You visited 1 branch of the dungeon, and saw 2 of its levels.

You collected 45 gold pieces.

Inventory:

Hand Weapons
 a - a +0 flail (weapon)
Armour
 c - a +0 kite shield (worn)
 g - a +0 chain mail (worn)
Scrolls
 e - a scroll of identify {unknown}
Potions
 d - a potion of might
 f - a potion of degeneration {unknown}


   Skills:
 + Level 3.6 Fighting
 + Level 2.5 Maces & Flails
 + Level 4.0 Armour
 + Level 0.5 Dodging
 + Level 3.7 Shields


You had 3 spell levels left.
You didn't know any spells.
Your spell library contained the following spells:

 Spells                   Type           Power      Damage    Failure   Level
 Animate Skeleton         Necr           0%         N/A       100%        1
 Apportation              Tloc           0%         N/A       100%        1
 Corona                   Hex            0%         N/A       100%        1
 Pain                     Necr           0%         1d4       100%        1
 Summon Small Mammal      Summ           0%         N/A       100%        1
 Corpse Rot               Necr/Air       N/A        N/A       100%        2
 Vampiric Draining        Necr           0%         2d6       100%        3


Dungeon Overview and Level Annotations

Branches:
Dungeon (2/15)

Altars:
Kikubaaqudgha

Shops:
D:2 (


Innate Abilities, Weirdness & Mutations

You are immune to sickness and miasma.
Your stone body is resilient. (AC +3)
You are immune to poison.
You resist negative energy. (rN+)
You are resistant to electric shocks. (rElec)
You are resistant to unholy torment.
You are immune to petrification.


Message History

Kikubaaqudgha welcomes you!
You can now receive cadavers from Kikubaaqudgha.
Kikubaaqudgha grants you a gift!
You add the spells Pain, Corpse Rot and Vampiric Draining to your library.
There is an ancient bone altar of Kikubaaqudgha here.
There is an ancient bone altar of Kikubaaqudgha here.
Found 15 bolts.
You see here a +0 robe.
There is an open door here.
Okay, then.
You see here a +0 robe.
Kikubaaqudgha delivers you corpses!
You see here a hobgoblin corpse.
You see here a hobgoblin corpse.
You start resting.
Magic restored.
You see here a hobgoblin corpse.
You see here a hobgoblin corpse.
You see here a hobgoblin corpse.
Okay, then.
You fail to use your ability.
Kikubaaqudgha delivers you corpses!
You see here a hobgoblin corpse.
You see here a hobgoblin corpse.
You see here a ball python corpse.
You see here a ball python corpse.
You see here a ball python corpse.
You see here a hobgoblin corpse.
You start resting.
You can no longer receive cadavers from Kikubaaqudgha.
You start resting.
Magic restored.
Okay, then.
You don't know any spells.
You see here a +0 robe.
There is an open door here.
There is a staircase leading out of the dungeon here.
You can't go down here!
Are you sure you want to leave the Dungeon?
This will make you lose the game!
You have escaped!

#.##.##.#### #
#.+8.8'.## ###...#..#
##...##.# ####
#≈...≈#.## ...#######
#≈...≈#.[# ##..†††††##
#≈...≈##.# #.####...##
#≈...≈##.#
#.###.....###≈.@.≈##.#
#...........##...###.#
#.###.....#####.####.###
##.#
#........#####.....#
...#
#.....########.#.#.#
#..# #.....# #....(...#
#..# #.#.### #.##.#.#.#
...###.#.# #.##.....#
....##.#.# #.####.#.###


There were no monsters in sight!

Vanquished Creatures
  3 gnolls (D:2)
  3 dart slugs
  2 bats
  2 endoplasms
  A giant cockroach (D:2)
  2 goblins
  2 hobgoblins (D:2)
  2 jackals (D:2)
  A quokka (D:2)
  A ball python (D:1)
  2 kobolds
  A rat (D:1)
22 creatures vanquished.

Notes
Turn   | Place    | Note
-------+----------+-------------------------------------------
     0 | D:1      | Sabo the Gargoyle Fighter began the quest for the Orb.
     0 | D:1      | Reached XP level 1. HP: 14/14 MP: 1/1
   216 | D:1      | Reached XP level 2. HP: 19/19 MP: 2/2
   276 | D:1      | You fall into a shaft and drop 1 floor!
   394 | D:2      | Reached XP level 3. HP: 19/23 MP: 3/3
   446 | D:2      | Reached skill level 4 in Armour
   784 | D:2      | Found Daqekadgh's Weapon Shoppe.
  1154 | D:1      | Found a faded altar of an unknown god.
  1160 | D:1      | Reached XP level 4. HP: 29/29 MP: 4/4
  1164 | D:1      | Became a worshipper of Kikubaaqudgha
  1164 | D:1      | Reached * piety under Kikubaaqudgha
  1164 | D:1      | Received a gift from Kikubaaqudgha
  1452 | D:$      | Got out of the dungeon alive.

Illustrated notes

Levels and vault maps discovered:
D:1:      wander_arrival_chamber, layout_loops_ring, basic_ecumenical_altar
D:2:      minmay_spotlight, layout_loops_ring, serial_shops, nicolae_shop_trees,
          minmay_puff

Skill      XL: |  1  2  3 |
---------------+----------+-----
Armour         | 4 |  4.0
Fighting       | |  3.6
Maces & Flails | |  2.5
Dodging        | |  0.5
Shields        | |  3.7

Action                   |  1- 3 |  4- 6 || total
-------------------------+-------+-------++-------
Melee: Flail             |    78 |       ||    78
Invok: Receive Corpses   |       |     2 ||     2
Armor: Scale mail        |    43 |       ||    43
       Chain mail        |     1 |       ||     1
Dodge: Dodged            |    15 |       ||    15
Block: Kite shield       |    44 |       ||    44

Table legend: (Time is in decaauts)
 A = Elapsed time spent in this place.
 B = Non-inter-level travel time spent in this place.
 C = Inter-level travel time spent in this place.
 D = Time resting spent in this place.
 E = Time spent auto-exploring this place.
 F = Levels seen in this place.
 G = Mean time per level.
                   A        B        C        D        E       F      G
               +--------+--------+--------+--------+--------+-----+--------+
         Total |   1493 |   1493 |      0 |    576 |      0 |   2 |  746.5 |
       Dungeon |   1493 |   1493 |      0 |    576 |      0 |   2 |  746.5 |
               +--------+--------+--------+--------+--------+-----+--------+

Top non-repeatable levels by time:
     D:2: 874 daAuts
     D:1: 618 daAuts
